Unix NetHack Version 3.7.0-86 Work-in-progress - last build May 30 2023 11:53:40 (cc98dc9aa62a9957b082a042edf5bd7ec9f632c7,branch:master). Game began 2023-06-30 00:53:31, ended 2023-07-04 07:43:25. Grasshopper, neutral male human Wizard ------------ ...+.......| A D A ----|----...--- f U B--).)....--....| D --.).[.....--...------- |..[$.......|.........| ------ --.D.......--------...| |...[ --..A)...-- ----.---- --..--------- @ -----&----- --.......-- --)))|.......| @ ---........$-----.........---.)[.|.......| @ |........).$..||......)....-.....-"!._...| |. ----+---- .|--..&......---..$.|.[/@...| q f & | A|.t..ww.| | --.......-- --..[|.......| |...wAw.| --------- --..--------- |.w@@w.w| |.... |..&Hw..| ------ |..www..| @ ---------A Grasshopper the Mage St:18/** Dx:22 Co:18 In:23 Wi:23 Ch:18 Neutral S:1369013 Astral Plane $:2310 HP:561(561) Pw:475(475) AC:-55 Xp:30/125434746 Satiated T:50456 Latest messages: You produce a strange whistling sound. Many creatures shift locations. K2 picks up a long sword. What do you want to use or apply? [cijq-wCEJ-MPRUV or ?*] q You produce a strange whistling sound. Many creatures shift locations. The purple worm drops a worthless piece of black glass. K2 picks up 2 blessed poisoned rustproof +7 darts. What do you want to use or apply? [cijq-wCEJ-MPRUV or ?*] q You produce a strange whistling sound. Many creatures shift locations. K2 drops 2 blessed poisoned rustproof +7 darts. K2 drops a long sword. What do you want to use or apply? [cijq-wCEJ-MPRUV or ?*] q You produce a strange whistling sound. Many creatures shift locations. What do you want to use or apply? [cijq-wCEJ-MPRUV or ?*] q You produce a strange whistling sound. Many creatures shift locations. What do you want to use or apply? [cijq-wCEJ-MPRUV or ?*] q You produce a strange whistling sound. Many creatures shift locations. The purple worm picks up 21 gold pieces. The purple worm picks up a long sword. K2 picks up a worthless piece of black glass. What do you want to use or apply? [cijq-wCEJ-MPRUV or ?*] q You produce a strange whistling sound. Many creatures shift locations. You hear a rumbling noise. What do you want to use or apply? [cijq-wCEJ-MPRUV or ?*] q You produce a strange whistling sound. Many creatures shift locations. Pestilence moves the invisible Angel of Ptah out of the way! The purple worm picks up a mace. The purple worm picks up 2 blessed poisoned rustproof +7 darts. What do you want to use or apply? [cijq-wCEJ-MPRUV or ?*] s In what direction? 2 Status of K2 (lawful, huge): Level 25 HP 190(200) AC -23, tame, fast. What do you want to sacrifice? [g or ?*] g You offer the Amulet of Yendor to Thoth... An invisible choir sings, and you are bathed in radiance... The voice of Thoth rings out: "Mortal, thou hast done well!" "In return for thy service, I grant thee the gift of Immortality!" You ascend to the status of Demigod... Do you want your possessions identified? [ynq] (y) y Do you want to see your attributes? [ynq] (y) y Do you want an account of creatures vanquished? [ynaq] (y) y Do you want a list of species genocided and extinct? [ynaq] (y) y Do you want to see your conduct and achievements? [ynq] (y) y Do you want to see the dungeon overview? [ynq] (y) y Inventory: Coins ('$') $ - 2310 gold pieces Amulets ('"') I - the blessed Eye of the Aethiopica Q - an uncursed amulet of life saving (being worn) Weapons (')') a - the blessed rustproof +2 Magicbane (alternate weapon; not wielded) d - the blessed rustproof +6 Fire Brand (weapon in hand) k - 5 blessed poisoned rustproof +7 darts (at the ready) n - a blessed rustproof +7 dart z - 6 blessed +7 silver daggers named +7 Armor ('[') b - a blessed greased fireproof +5 cloak of protection (being worn) B - a blessed fireproof +5 pair of water walking boots (being worn) D - a blessed fireproof +5 small shield (being worn) G - a blessed fireproof +5 pair of gauntlets of dexterity (being worn) H - a blessed +5 helm of brilliance (being worn) S - a cursed greased +5 silver dragon scale mail (being worn) T - a blessed fireproof +5 T-shirt with text "I bounced off a rubber tree" (being worn) Comestibles ('%') A - 3 blessed cockatrice eggs F - a blessed lizard corpse named Lizard of Oz Y - an uncursed tripe ration Scrolls ('?') X - a blessed scroll of gold detection Wands ('/') j - an uncursed wand of death (0:4) r - an uncursed wand of sleep (0:6) w - an uncursed wand of slow monster (1:12) E - an uncursed wand of cold (1:6) J - an uncursed wand of slow monster (0:2) K - an uncursed wand of teleportation (0:5) M - an uncursed wand of cold (0:6) R - an uncursed wand of digging (0:1) V - an uncursed wand of polymorph (0:4) Rings ('=') e - a blessed +4 ring of increase damage (on left hand) h - an uncursed +7 ring of increase damage (on right hand) Tools ('(') c - a blessed skeleton key i - a blessed bag of holding containing 110 items q - a blessed magic whistle s - a blessed stethoscope t - an uncursed towel u - a blessed +0 unicorn horn v - an uncursed tooled horn C - an uncursed pair of lenses (being worn) L - a blessed magic lamp (lit) P - the blessed Platinum Yendorian Express Card U - an uncursed greased sack named <<< CANCELLATION >>> containing 2 items Gems/Stones ('*') N - a blessed luckstone Contents of the bag of holding: a blessed amulet of flying a blessed amulet of magical breathing a blessed amulet of unchanging an uncursed cheap plastic imitation of the Amulet of Yendor 39 blessed poisoned rustproof +7 darts named +7 the uncursed greased +5 Frost Brand an uncursed fireproof +2 pair of speed boots an uncursed greased +0 cloak of magic resistance a blessed greased fireproof +4 robe 3 uncursed pineapples 2 uncursed carrots 2 blessed eucalyptus leaves an uncursed food ration 3 uncursed fortune cookies 6 uncursed K-rations a blessed lembas wafer 3 uncursed lumps of royal jelly 2 uncursed pancakes 4 uncursed tripe rations an uncursed tin of fire giant meat 2 blessed eggs named chook a blessed cockatrice egg 2 uncursed eggs named chook an uncursed scroll of blank paper an uncursed scroll of blank paper 4 cursed scrolls of blank paper a blessed scroll of charging 7 uncursed scrolls of create monster 2 cursed scrolls of create monster 2 blessed scrolls of genocide 4 blessed scrolls of gold detection a blessed scroll of remove curse an uncursed scroll of taming an uncursed scroll of teleportation 5 cursed scrolls of teleportation an uncursed wand of cold (0:5) an uncursed wand of cold (0:5) an uncursed wand of create monster (0:12) an uncursed wand of create monster (0:14) a blessed wand of death (0:8) an uncursed wand of death (0:6) an uncursed wand of death (1:6) an uncursed wand of death (0:4) an uncursed wand of digging (0:8) an uncursed wand of digging (0:8) an uncursed wand of digging (0:8) an uncursed wand of enlightenment (0:11) an uncursed wand of fire named 1 (0:5) an uncursed wand of light (0:14) an uncursed wand of lightning (0:7) an uncursed wand of lightning (0:6) an uncursed wand of locking named 1 (0:2) an uncursed wand of magic missile (0:8) an uncursed wand of opening (2:12) an uncursed wand of polymorph (0:8) an uncursed wand of probing (1:2) an uncursed wand of secret door detection named 1 (0:6) an uncursed wand of sleep (0:6) an uncursed wand of sleep (0:6) an uncursed wand of speed monster (1:12) an uncursed wand of speed monster (0:8) an uncursed wand of speed monster (0:7) an uncursed wand of striking (0:7) an uncursed wand of striking (0:5) an uncursed wand of striking (0:8) a blessed wand of teleportation (2:6) an uncursed wand of teleportation (0:8) an uncursed wand of teleportation (0:8) an uncursed wand of teleportation (0:7) an uncursed wand of teleportation (0:6) an uncursed wand of teleportation named 1 (0:6) an uncursed wand of teleportation (1:6) an uncursed wand of teleportation (0:5) an uncursed wand of undead turning (0:8) an uncursed wand of undead turning (1:7) an uncursed wand of wishing (0:2) an uncursed wand of wishing (1:1) an uncursed ring of conflict an uncursed ring of free action a blessed +2 ring of gain constitution an uncursed ring of hunger an uncursed +4 ring of increase damage an uncursed ring of levitation a blessed ring of polymorph a blessed ring of polymorph an uncursed ring of polymorph control a blessed +4 ring of protection an uncursed ring of protection from shape changers a blessed ring of regeneration an uncursed ring of searching an uncursed ring of shock resistance a blessed ring of slow digestion an uncursed ring of stealth 2 blessed potions of full healing an uncursed potion of full healing an uncursed potion of healing 5 potions of holy water 2 uncursed potions of water a potion of unholy water an uncursed sack named LOOOOT DO NOT REMOVE containing 1 item a blessed greased magic harp named sink throne wish (0:4) an uncursed magic marker (0:89) an uncursed magic marker (0:49) an uncursed magic marker (0:20) an uncursed magic marker (1:1) an uncursed amethyst stone an uncursed opal an uncursed sapphire an uncursed turquoise stone an uncursed luckstone Contents of the sack named LOOOOT DO NOT REMOVE: an uncursed sack named 6 containing 1 item Contents of the sack named 6: an uncursed sack named 5 containing 1 item Contents of the sack named 5: an uncursed sack named 4 containing 1 item Contents of the sack named 4: an uncursed sack named 3 containing 1 item Contents of the sack named 3: an uncursed sack named 2 containing 1 item Contents of the sack named 2: an uncursed sack named 1 containing 1 item Contents of the sack named 1: a blessed bag of holding containing 26 items Contents of the bag of holding: the uncursed +0 Demonbane the uncursed rustproof +0 Dragonbane the uncursed rustproof +0 Giantslayer the uncursed rustproof +3 Mjollnir 15 uncursed agate stones 19 uncursed amber stones 23 uncursed amethyst stones 28 uncursed aquamarine stones 19 uncursed black opals 15 uncursed chrysoberyl stones 11 uncursed citrine stones 15 uncursed diamonds 4 uncursed dilithium crystals 10 uncursed emeralds 8 uncursed fluorite stones 36 uncursed garnet stones 31 uncursed jacinth stones 4 uncursed jade stones 26 uncursed jasper stones 17 uncursed jet stones 12 uncursed obsidian stones 19 uncursed opals 20 uncursed rubies 22 uncursed sapphires 18 uncursed topaz stones 11 uncursed turquoise stones Contents of the sack named <<< CANCELLATION >>>: an uncursed scroll of scare monster an uncursed wand of cancellation (0:2) Grasshopper the Wizard's attributes: Background: You were a Mage, a level 30 male human Wizard. You were neutral, on a mission for Thoth who was opposed by Ptah (lawful) and Anhur (chaotic). You were in the endgame, on the Astral Plane. You entered the dungeon 50456 turns ago. There was a full moon in effect when your adventure ended. You had 125434746 experience points. Your score was 1369013 before end-of-game adjustments. Basics: You had all 561 hit points. You had all 475 energy points (spell power). Your armor class was -55. Your wallet contained 2310 zorkmids. Autopickup was on for '$"%?+/=!*' plus thrown, with exceptions. Final Characteristics: Your strength was 18/100 (limit:18/100). Your dexterity was 22 (base:17, peak:18, innate limit:18). Your constitution was 18 (limit:18). Your intelligence was 23 (base:18, innate limit:18). Your wisdom was 23 (base:18, innate limit:18). Your charisma was 18 (limit:18). Final Status: You were satiated. You were unencumbered. You were wielding a long sword. You had basic skill with long sword. Final Attributes: You were the Envoy of Balance. You were piously aligned. You were magic-protected. You were fire resistant. Your items were protected from fire. You were cold resistant. You were sleep resistant. You were disintegration resistant. You were shock resistant. You were poison resistant. You saw invisible. You were telepathic. You were warned. You were sensing the presence of monsters. You were invisible to others. You could teleport. You had teleport control. You could walk on water. You had a large damage bonus (+11). You had a large defense bonus (+14). You were protected. You took half spell damage. You were very fast. You had reflection. Your life would have been saved. You were extremely lucky. You had extra luck. Good luck did not time out for you. You survived. Miscellaneous: You encountered 1 bones level. Total elapsed playing time was 2 days, 11 hours, 30 minutes and 21 seconds. Major events: Turn 1: Grasshopper the neutral male human Wizard entered the dungeon 946: entered the Gnomish Mines 956: attained the rank of Conjurer (level 3) 2485: attained the rank of Thaumaturge (level 6) 7113: acquired the Mines' End luckstone 9936: entered Sokoban 10003: made his first wish - "blessed greased +5 silver dragon scale mail", got "a greased silver dragon scale mail" 10171: completed 1st Sokoban level 10622: completed 2nd Sokoban level 10919: completed 3rd Sokoban level 11628: completed 4th Sokoban level 11723: attained the rank of Magician (level 10) 11798: acquired the Sokoban bag of holding 12458: made his first artifact wish - "blessed fixed platinum yendorian express card", got "a credit card named the Platinum Yendorian Express Card" 13289: destroyed post163's ghost, the former Conjurer 13307: destroyed Tog's ghost, the former Excursionist 14239: wished for "uncursed magic marker", got "a magic marker" 15352: entered the Bigroom 17339: found Demonbane on the floor 21101: was bestowed with Magicbane by Thoth 23377: killed Medusa 23617: attained the rank of Enchanter (level 14) 25904: killed the Dark One 25904: found the Eye of the Aethiopica carried by a monster 25907: acquired the Bell of Opening 27373: was bestowed with Mjollnir by Thoth 27568: consulted the Oracle 28709: became Thoth's Envoy of Balance 28709: was bestowed with spellbook of finger of death 30298: wished for "uncursed magic marker", got "a magic marker" 32337: attained the rank of Sorcerer (level 18) 34050: entered Gehennom 37408: attained the rank of Necromancer (level 22) 40183: performed his first genocide (class L) 40447: killed Juiblex 41648: destroyed Vlad the Impaler 41652: acquired the Candelabrum of Invocation 41669: wished for "uncursed magic marker", got "a magic marker" 42464: genocided class m 42493: killed Orcus 42519: killed Baalzebub 42539: killed Asmodeus 43330: found Sunsword on the floor 43960: was bestowed with Giantslayer by Thoth 45308: wished for "uncursed magic marker", got "a magic marker" 45438: was bestowed with Dragonbane by Thoth 45733: was bestowed with Fire Brand by Thoth 46775: attained the rank of Wizard (level 26) 47693: killed the Wizard of Yendor 47696: acquired the Book of the Dead 47735: performed the invocation 48025: killed the high priestess of Moloch 48026: acquired The Amulet of Yendor 48977: killed the Wizard of Yendor (2nd time) 49074: killed the Wizard of Yendor (3rd time) 49246: wished for "2 blessed potions of enlightenment", got "2 potions of enlightenment" 49252: attained the rank of Mage (level 30) 49476: wished for "blessed greased magic harp named sink throne wish", got "a greased harp named sink throne wish" 50018: entered the Elemental Planes 50018: entered Plane of Earth 50018: killed the Wizard of Yendor (5th time) 50103: entered Plane of Air 50199: entered Plane of Fire 50238: entered Plane of Water 50245: genocided class ; 50318: entered the Astral Plane 50343: killed Death 50363: found Frost Brand on the floor 50386: killed Death (2nd time) 50394: killed Death (3rd time) 50409: killed Pestilence 50428: found Vorpal Blade carried by a monster 50435: killed Pestilence (2nd time) 50456: ascended Vanquished creatures: Asmodeus Baalzebub Orcus Juiblex the Wizard of Yendor (5 times) Death (thrice) Pestilence (twice) Vlad the Impaler an arch-lich a high cleric 4 mastodons Medusa 15 krakens 6 iron golems 4 master liches 8 storm giants a titan 6 glass golems a balrog 10 purple worms a gray dragon 2 gold dragons 5 silver dragons 8 red dragons 5 white dragons 4 orange dragons 4 black dragons 4 blue dragons 3 green dragons 3 yellow dragons 27 minotaurs 5 jabberwocks the Dark One 6 baluchitheria 25 Angels 3 demiliches 4 stone golems 7 master mind flayers an Olog-hai 2 Nazgul 6 pit fiends 4 sandestins 3 hell hounds 4 displacer beasts 7 titanotheres 5 trappers a baby silver dragon 5 baby yellow dragons 8 genetic engineers 3 disenchanters 30 vampire leaders 5 skeletons 3 shopkeepers 2 prisoners 40 aligned clerics 3 captains 6 shades 5 liches 5 clay golems 6 nurses 3 ice devils 2 nalfeshnees 4 lurkers above 2 Aleaxes 11 frost giants 4 ettins 3 golden nagas 19 black puddings 31 vampires 8 lieutenants a watch captain 46 ghosts a ranger a rogue a tourist a valkyrie a wizard 5 queen bees 2 winged gargoyles a mind flayer 12 giant mimics 4 long worms 9 zruties 6 fire giants 8 ogre tyrants 3 ice trolls 7 rock trolls 10 umber hulks 18 flesh golems 4 elven monarchs 6 doppelgangers 11 hezrous 4 bone devils 7 large mimics 4 wumpuses 4 fire vortices a baby purple worm 6 couatls 7 stalkers 6 air elementals 3 fire elementals 11 earth elementals 20 water elementals 16 hill giants 5 giant mummies 9 black nagas 14 xorns 34 giant zombies 8 elf-nobles 11 sergeants a water demon 5 barbed devils 12 vrocks 2 salamanders 18 wargs a winter wolf 2 hell hound pups 11 small mimics 5 glass piercers 6 warhorses 4 steam vortices 17 xans 6 ettin mummies 18 ogre leaders 9 quantum mechanics 11 trolls 3 sasquatches 7 wood golems 3 erinyes 2 mariliths a djinni 8 sharks 8 electric eels 11 gelatinous cubes 2 pyrolisks 3 large dogs 5 freezing spheres 14 flaming spheres 6 shocking spheres 5 large cats 6 tigers 9 gargoyles 4 dwarf rulers 23 tengu 14 ochre jellies 11 leocrottas 10 energy vortices 2 mountain centaurs 11 stone giants 5 elf mummies 3 human mummies 6 red nagas 8 green slimes 7 pythons 11 pit vipers 7 cobras 57 wraiths 2 carnivorous apes 31 ettin zombies 2 leather golems 23 Grey-elves 52 soldiers 4 watchmen 15 amorous demons 7 horned devils 6 chameleons 4 crocodiles 14 giant beetles 9 quivering blobs 12 cockatrices 4 wolves 9 winter wolf cubs 3 lynxes 6 panthers 6 gremlins 6 spotted jellies 14 leprechauns 5 orc-captains 4 iron piercers 5 mumakil 19 giant spiders 11 scorpions 6 horses 3 ice vortices a baby long worm 14 black lights 58 vampire bats 4 forest centaurs 9 gnome rulers 5 orc mummies 10 dwarf mummies 7 ogres 6 brown puddings 11 rust monsters 11 owlbears 8 yetis 5 gold golems 2 werewolves 33 Green-elves 6 piranha 23 giant eels 28 lizards 2 chickatrices 3 dingoes 4 dogs 3 housecats 14 jaguars 6 dwarf leaders 9 blue jellies 6 white unicorns 2 gray unicorns 8 black unicorns 6 dust vortices 21 ravens 2 plains centaurs 8 gnome mummies 10 snakes 11 apes 23 human zombies 7 rope golems 21 Woodland-elves 13 soldier ants a fire ant 4 bugbears 12 imps 4 lemures 15 quasits 9 wood nymphs 14 water nymphs 8 mountain nymphs 3 Mordor orcs 19 Uruk-hai an orc shaman 13 rock piercers 9 rock moles 4 ponies 3 fog clouds 21 yellow lights 5 violet fungi 23 gnome leaders 14 gnomish wizards 5 kobold mummies 2 black naga hatchlings 6 gray oozes 3 barrow wights 24 elf zombies 16 ghouls 4 straw golems 6 paper golems 8 jellyfish 29 giant ants 2 little dogs 12 floating eyes 28 dwarves 6 homunculi 2 kobold leaders 2 kobold shamans 35 hill orcs 41 rothes a rabid rat 4 centipedes 20 giant bats 8 monkeys 20 orc zombies 20 dwarf zombies 2 wererats 3 werejackals 12 iguanas 77 killer bees 4 acid blobs 8 coyotes a gas spore 5 hobbits 12 manes 3 large kobolds 10 hobgoblins 8 giant rats 5 cave spiders 2 brown molds 2 yellow molds a green mold 4 red molds 77 gnomes 16 garter snakes 17 gnome zombies 13 geckos 11 jackals 5 foxes 5 kobolds 7 goblins a sewer rat 20 grid bugs 6 bats 11 lichens 21 kobold zombies 15 newts 2731 creatures vanquished. Genocided or extinct species: arch-liches krakens master liches demiliches liches giant mimics large mimics small mimics erinyes (extinct) sharks electric eels piranha giant eels jellyfish 13 species genocided. 1 species extinct. Voluntary challenges: You read items or engraved 253 times. You never engraved Elbereth. You genocided 13 types of monsters. You used 8 wishes (1 for an artifact). You did not violate any of the special Sokoban rules. Achievements: You entered a shop. You entered the Gnomish Mines. You attained the rank of Conjurer. You attained the rank of Thaumaturge. You entered a temple. You completed the Gnomish Mines. You entered Sokoban. You attained the rank of Magician. You completed Sokoban. You entered the Big Room. You defeated Medusa. You attained the rank of Enchanter. You handled the Bell of Opening. You consulted the Oracle of Delphi. You attained the rank of Sorcerer. You entered Gehennom. You attained the rank of Necromancer. You handled the Candelabrum of Invocation. You attained the rank of Wizard. You handled the Book of the Dead. You gained access to Moloch's Sanctum. You attained the rank of Mage. You reached the Elemental Planes. You reached the Astral Plane. You delivered the Amulet of Yendor. You ascended! The Elemental Planes: Astral Plane: <- You are here. Some temples. Plane of Water: Plane of Fire: Plane of Air: Plane of Earth: The Dungeons of Doom: levels 1 to 27 Level 1: A sink. One way stairs up to The Elemental Planes. Level 2: An armor shop, a fountain. Stairs down to The Gnomish Mines. Level 3: An armor shop, a fountain. Level 4: Level 5: "Oracle" Many fountains. Oracle of Delphi. Level 6: A fountain. Stairs up to Sokoban, level 5. Level 7: A fountain, a grave. Final resting place for post163-Wiz-Orc-Mal-Cha, killed by a gold golem, Tog-Tou-Hum-Mal-Neu, killed by a gold golem. Level 8: An altar to Thoth, some fountains. Level 9: "-s" A sink. Level 10: "BIGROOM" A very big room. Level 11: "OLD LAIR c" An altar to Thoth. Portal to The Quest. Level 12: Level 13: Level 14: A general store, a fountain. Level 15: A fountain. Level 16: "lp" Level 17: "lp" Level 18: A primitive area. Level 19: "-s pr ptah v" Many altars. Level 20: "-s" Level 21: "OLD LAIR" An altar to Thoth. Level 22: "pr Ptah lp" A temple to Thoth. Level 23: Level 24: "pr Thoth NEW NEW LAIR" Some altars to Thoth. Level 25: "c" Many graves. Level 26: "Medusa" Some fountains, many trees. Level 27: "castle c" A fountain. The castle. Gehennom: levels 28 to 50 Level 28: A temple, many graves. Valley of the Dead. Level 29: Level 30: "c statues" Level 31: "Asmo" Level 32: Level 33: "Jubes" A fountain. Level 34: "Baalz" Level 35: Level 36: "poly" Stairs up to Vlad's Tower, level 35. Level 37: Level 38: Level 39: Level 40: "Orcus" Some shops, an altar, many graves. Level 41: "Rodders" Level 42: Level 43: "wiz bottom" Level 44: Level 45: Level 46: Level 47: Level 48: "wiz portal c" Level 49: "VS poly" Level 50: A temple, many graves. Moloch's Sanctum. The Gnomish Mines: levels 3 to 10 Level 3: Level 4: Level 5: "MT" Many shops, a temple to Thoth, some fountains, a sink. Level 6: Level 7: Level 8: "lp" Level 9: Level 10: The Quest: levels 1 to 6 Level 1: "poly" Completed quest for Neferet the Green. Level 2: Level 3: "poly" Level 4: Level 5: Level 6: A temple to Thoth. Sokoban: levels 5 up to 2 Level 2: Solved. Level 3: Solved. Level 4: Solved. Level 5: Solved. Vlad's Tower: levels 35 up to 33 Level 33: Level 34: Level 35: Goodbye Grasshopper the Demigod... You and Snuggles and K2 and the guardian Angel of Thoth and the purple worm and the purple worm and the purple worm went to your reward with 3419728 points, Magicbane (worth 3500 zorkmids and 8750 points) Fire Brand (worth 3000 zorkmids and 7500 points) Frost Brand (worth 3000 zorkmids and 7500 points) Mjollnir (worth 4000 zorkmids and 10000 points) Giantslayer (worth 200 zorkmids and 500 points) Dragonbane (worth 500 zorkmids and 1250 points) Demonbane (worth 2500 zorkmids and 6250 points) The Eye of the Aethiopica (worth 4000 zorkmids and 10000 points) The Platinum Yendorian Express Card (worth 7000 zorkmids and 17500 points) 36 garnet stones (worth 25200 zorkmids), 31 jacinth stones (worth 100750 zorkmids), 28 aquamarine stones (worth 42000 zorkmids), 26 jasper stones (worth 13000 zorkmids), 24 amethyst stones (worth 14400 zorkmids), 23 sapphires (worth 69000 zorkmids), 20 rubies (worth 70000 zorkmids), 20 opals (worth 16000 zorkmids), 19 black opals (worth 47500 zorkmids), 19 amber stones (worth 19000 zorkmids), 18 topaz stones (worth 16200 zorkmids), 17 jet stones (worth 14450 zorkmids), 15 diamonds (worth 60000 zorkmids), 15 chrysoberyl stones (worth 10500 zorkmids), 15 agate stones (worth 3000 zorkmids), 12 turquoise stones (worth 24000 zorkmids), 12 obsidian stones (worth 2400 zorkmids), 11 citrine stones (worth 16500 zorkmids), 10 emeralds (worth 25000 zorkmids), 8 fluorite stones (worth 3200 zorkmids), 4 dilithium crystals (worth 18000 zorkmids), 4 jade stones (worth 1200 zorkmids), 1 amulet of life saving (worth 150 zorkmids), 1 amulet of unchanging (worth 150 zorkmids), 1 amulet of magical breathing (worth 150 zorkmids), 1 amulet of flying (worth 150 zorkmids), 1 cheap plastic imitation of the Amulet of Yendor (worth 0 zorkmids), and 2310 pieces of gold, after 50456 moves. You were level 30 with a maximum of 561 hit points when you ascended.